 Dungeon Crawl Stone Soup version 0.28.0 (webtiles) character file.

Game seed: 15981803514126171954

49 pkoi the Gusty (level 3, 0/39 HPs)
             Began as a Draconian Air Elementalist on Feb 16, 2022.
             Slain by Robin (8 damage)
             ... on level 2 of the Dungeon.
             The game lasted 00:04:13 (1204 turns).

pkoi the Gusty (Draconian Air Elementalist)         Turns: 1204, Time: 00:04:13

Health: 0/39       AC: 21    Str: 10    XL:     3   Next: 51%
Magic:  1/6        EV:  2    Int: 17    God:
Gold:   12         SH:  0    Dex: 11    Spells: 5/6 levels left

rFire   . . .      SeeInvis .   c - staff of cold
rCold   + . .      Faith    .   (no shield)
rNeg    . . .      Spirit   .   (armour unavailable)
rPois   +          Reflect  .   (helmet currently unavailable)
rElec   .          Harm     .   (cloak currently unavailable)
rCorr   .          Rampage  .   (gloves currently unavailable)
Will    .....      NoTele   +   (boots currently unavailable)
Stlth   ++........              (no amulet)
HPRegen 0.13/turn               (no ring)
MPRegen 0.10/turn               (no ring)

@: tree-form
A: stationary, stasis, torment immunity, boosted hp, AC +5, unfitting armour,
(cold-blooded), deterioration 1, (electricity resistance)
a: no special abilities


You were on level 2 of the Dungeon.
You were a tree.
You visited 1 branch of the dungeon, and saw 2 of its levels.

You collected 12 gold pieces.

Inventory:

Magical Staves
 c - a staff of cold (weapon)
Scrolls
 a - 2 scrolls of identify {unknown}
 e - a scroll of magic mapping {unknown}
Potions
 d - a potion of lignification


   Skills:
 - Level 1.7 Dodging
 - Level 1.7 Stealth
 - Level 2.0 Spellcasting
 - Level 1.0 Conjurations
 + Level 4.6 Air Magic


You had 5 spell levels left.
You knew the following spells:

 Your Spells              Type           Power      Damage    Failure   Level
a - Shock                 Conj/Air       44%        1d5       6%          1

Your spell library contained the following spells:

 Spells                   Type           Power      Damage    Failure   Level
 Swiftness                Air            17%        N/A       9%          3
 Static Discharge         Conj/Air       11%        N/A       10%         2
 Airstrike                Air            8%         N/A       28%         4
 Portal Projectile        Hex/Tloc       2%         N/A       50%         3
 Blade Hands              Tmut           0%         N/A       99%         5
 Excruciating Wounds      Necr           0%         N/A       99%         5


Dungeon Overview and Level Annotations

Branches:
Dungeon (2/15)

Altars:

Annotations:
D:2 Robin


Innate Abilities, Weirdness & Mutations

You are a tree.
Your roots penetrate the ground, keeping you stationary.
You cannot be teleported.
You are immune to unholy pain and torment.
Your maximum health is greatly increased.
Your equipment is partially melded.
((Your plain brown scales are hard. (AC +5)))
You cannot fit into any form of body armour.
((You are cold-blooded and may be slowed by cold attacks.))
Your body sometimes deteriorates upon taking damage.
((You are resistant to electric shocks. (rElec)))


Message History

The goblin hits you with a +0 club.
* * * LOW HITPOINT WARNING * * *
The goblin closely misses you.
Unknown command.
Unknown command.
The goblin misses you.
Items here: )) ††.
Robin throws the goblin at you!
You barely miss the goblin. The goblin completely misses you.
The goblin barely misses you. The goblin hits you but does no damage.
You barely miss the goblin.
The goblin no longer looks unusually strong.
The goblin barely misses you. The goblin closely misses you.
The goblin hits you but does no damage.
You closely miss the goblin.
Robin roars a battlecry!
The goblin goes into a battle-frenzy!
The goblin completely misses you. The goblin barely misses you.
Unknown command.
You don't have enough magic to cast this spell.
Okay, then.
It was a potion of mutation.
You feel extremely strange.
You feel yourself wasting away.
You feel insulated. The goblin closely misses you.
The goblin hits you but does no damage.
It was a potion of lignification.
You turn into a tree.
Your roots penetrate the ground.
The goblin hits you but does no damage. The goblin hits you with a +0 dagger.
* * * LOW HITPOINT WARNING * * *
You hit the goblin.
You kill the goblin!
The goblin no longer looks unusually strong.
The goblin hits you but does no damage. Robin throws the goblin at you!
Unknown command.
You barely miss the goblin. The goblin hits you with a +0 club.
* * * LOW HITPOINT WARNING * * *
Unknown command.
You hit the goblin.
You kill the goblin!
Robin hits you with a +2 falchion of holy wrath!
You die...

##### #.#<#
###########.#.#
#.K.g♣).....#.#
#.#########.#.#
#)# #.#.# #g#
#.#.# #K#
######.#.###.###
#)>
.....<...........
#).
..#####.#.###.##.
.). ...#.# #).#
#####.#


You could see Robin and a kobold.

Vanquished Creatures
  A gnoll (D:1)
  A dart slug (D:1)
  3 endoplasms (D:1)
  2 giant cockroaches (D:1)
  12 goblins
  A hobgoblin (D:2)
  2 quokkas (D:1)
  7 ball pythons
  A frilled lizard (D:1)
  3 kobolds (D:1)
  3 rats (D:1)
36 creatures vanquished.

Notes
Turn   | Place    | Note
-------+----------+-------------------------------------------
     0 | D:1      | pkoi the Draconian Air Elementalist began the quest for the
                  | Orb.
     0 | D:1      | Reached XP level 1. HP: 14/14 MP: 3/3
   282 | D:1      | Reached XP level 2. HP: 20/20 MP: 3/5
   605 | D:1      | Found a faded altar of an unknown god.
   674 | D:1      | Reached skill level 4 in Air Magic
   866 | D:1      | Reached XP level 3. HP: 26/26 MP: 0/6
  1184 | D:2      | Noticed Robin
  1200 | D:2      | Gained mutation: Your body sometimes deteriorates upon
                  | taking damage. [potion of mutation]
  1200 | D:2      | Gained mutation: You are resistant to electric shocks.
                  | (rElec) [potion of mutation]
  1204 | D:2      | Slain by Robin

Illustrated notes

Levels and vault maps discovered:
D:1:      dpeg_arrival_more_subterranean_lakeside_camping, layout_basic,
          dreamdust_ecumenical_altar_grove
D:2:      layout_basic, minmay_strange_pillars, small_statue_intersection,
          uniq_robin

Skill      XL: |  1  2 |
---------------+-------+-----
Air Magic      | 4 |  4.6
Dodging        | |  1.7
Stealth        | |  1.7
Spellcasting   | |  2.0
Conjurations   | |  1.0

Action                   || total
-------------------------++-------
Melee: Staff             ||    27
       Tailslap          ||     1
       Punch             ||     1
 Cast: Shock             ||    45
  Use: Potion            ||     2
Armor: Skin              ||    17
Dodge: Dodged            ||    33
